[Event "Titled Tuesday Blitz December 06 Late 2022"]
[White "Sadhwani, Raunak"]
[Black "Dardha, Daniel"]
[WhiteFideId "35093487"]
[BlackFideId "240990"]
[WhiteElo "2657"]
[BlackElo "2528"]
[Result "1/2-1/2"]
[Round "08"]
[TimeControl "180+1"]
[Date "2022.12.06"]
[WhiteClock "0:00:14"]
[BlackClock "0:00:07"]

1. e4 e5 2. Nf3 Nc6 3. Bc4 Bc5 4. O-O Nf6 5. d3 h6 6. c3 d6 7. Re1 O-O 8. h3 a5 9. Nbd2 Be6 10. Bb5 Qb8 11. Bxc6 bxc6 12. d4 exd4 13. cxd4 Bb6 14. a4 Re8 15. Ra3 d5 16. e5 Nd7 17. Nf1 c5 18. Ng3 cxd4 19. Nh5 c5 20. Qd2 Bf5 21. Nxg7 Kxg7 22. Qxh6+ Kg8 23. Nh4 Nxe5 24. Bf4 Nf3+ 25. Rxf3 Rxe1+ 26. Kh2 Qf8 27. Qxb6 Re6 28. Rg3+ Kh7 29. Qb7 Be4 30. f3 Bg6 31. Qxd5 Rd8 32. Qg5 d3 33. Bd2 Rd4 34. Nf5 Bxf5 35. Qxf5+ Rg6 36. Qh5+ Kg8 37. Rxg6+ fxg6 38. Qxg6+ Qg7 39. Qe8+ Qf8 40. Qe6+ Qf7 41. Qc8+ Kh7 42. Qxc5 Qd5 43. Qe7+ Kg8 44. Qe8+ Kh7 45. Qe7+ Kg8 46. Qe8+ Kh7 47. b3 Qd6+ 48. Kg1 Rd5 49. Qe4+ Kg8 50. Kf2 Qc5+ 51. Be3 Qd6 52. Bf4 Qc5+ 53. Be3 Qd6 54. Qc4 Kg7 55. Bd2 Kf7 56. h4 Qe6 57. Qf4+ Ke8 58. Qe4 Qxe4 59. fxe4 Rd7 60. Ke3 Rb7 61. Kxd3 Rxb3+ 62. Ke2 Ra3 63. Bxa5 Rxa4 64. Be1 Rxe4+ 65. Kf1 Rf4+ 66. Kg1 Kf7 67. g3 Re4 68. Bf2 Kg6 69. Kg2 Kf5 70. Kf3 Ra4 71. Be3 Rb4 72. Bf4 Rb3+ 73. Be3 Rb4 74. h5 Ra4 75. Bf4 Ra3+ 76. Be3 Ra4 77. Bc1 Rc4 78. Bf4 Rc3+ 79. Be3 Rc4 80. Bf4 Rc3+ 81. Be3 Rc4 82. Bf4 1/2-1/2


[Site "https://www.chess.com"]

[Event "Titled Tuesday Blitz December 06 Late 2022"]
[White "Sanchez, Robert"]
[Black "Gerbelli Neto, Eduardo"]
[WhiteFideId "2034360"]
[BlackFideId "2103281"]
[WhiteElo "2303"]
[BlackElo "2178"]
[Result "1-0"]
[Round "08"]
[TimeControl "180+1"]
[Date "2022.12.07"]
[WhiteClock "0:00:45"]
[BlackClock "0:00:08"]

1. e4 e5 2. Nf3 Nc6 3. Bb5 a6 4. Ba4 d6 5. c3 f5 6. d3 Be7 7. O-O Nf6 8. exf5 Bxf5 9. d4 e4 10. Nfd2 d5 11. f3 exf3 12. Nxf3 Bg4 13. h3 Bd7 14. Bxc6 bxc6 15. Ne5 O-O 16. Bg5 c5 17. Nd2 cxd4 18. cxd4 Bb5 19. Re1 c5 20. dxc5 Bxc5+ 21. Kh1 Bf2 22. Ndf3 Bxe1 23. Qxe1 Qe8 24. Qd2 Bc6 25. Bxf6 Rxf6 26. Rc1 Bb7 27. Rc7 Rb8 28. Rxb7 Rxb7 29. Qxd5+ Rbf7 30. Ng5 Rf1+ 31. Kh2 h6 32. Ngxf7 Rxf7 33. Nxf7 Qxf7 34. Qa8+ Kh7 35. Qxa6 Qf4+ 36. Kg1 Qc1+ 37. Kf2 Qxb2+ 38. Kf3 Qc3+ 39. Kf4 Qd2+ 40. Kg3 Qe3+ 41. Kh2 Qf4+ 42. Kg1 Qe3+ 43. Kf1 Qc1+ 44. Kf2 Qf4+ 45. Ke1 Qc1+ 46. Ke2 Qc2+ 47. Kf3 Qc3+ 48. Ke4 Qc2+ 49. Kd4 Qd2+ 50. Qd3+ Qxd3+ 51. Kxd3 Kg6 52. a4 1-0


[Site "https://www.chess.com"]

[Event "Titled Tuesday Blitz December 06 Late 2022"]
[White "Saya, Ethan"]
[Black "Ankerst, Mihael"]
[WhiteFideId "26095181"]
[BlackFideId "14602369"]
[WhiteElo "2178"]
[BlackElo "2376"]
[Result "0-1"]
[Round "08"]
[TimeControl "180+1"]
[Date "2022.12.07"]
[WhiteClock "0:00:29"]
[BlackClock "0:00:23"]

1. e4 c5 2. Nc3 Nc6 3. Bb5 e6 4. Bxc6 bxc6 5. d3 d5 6. f4 Nf6 7. Nf3 Be7 8. O-O O-O 9. Qe1 Qc7 10. e5 Nd7 11. Qg3 Rd8 12. f5 exf5 13. Bh6 Bf8 14. Nh4 Qxe5 15. Bf4 Qd4+ 16. Be3 Qg4 17. Bg5 Qxg3 18. hxg3 f6 19. Bd2 g6 20. g4 fxg4 21. Rae1 Kf7 22. Na4 Nb6 23. Ba5 Rb8 24. Nxb6 axb6 25. Bc3 d4 26. Bd2 Rd5 27. g3 Bd6 28. Kf2 Be6 29. Ng2 Re5 30. Bf4 Rxe1 31. Rxe1 Rd8 32. Bxd6 Rxd6 33. Nf4 b5 34. a4 bxa4 35. Nxe6 Rxe6 36. Ra1 Ke7 37. Rxa4 Kd6 38. Ra7 h5 39. Rg7 f5 40. Rg8 Ke5 41. Ra8 f4 42. gxf4+ Kxf4 43. Ra5 g3+ 44. Kf1 h4 45. Rxc5 h3 46. Rc4 Kf3 47. Rxd4 g2+ 48. Kg1 Re1+ 49. Kh2 Rh1# 0-1


[Site "https://www.chess.com"]

[Event "Titled Tuesday Blitz December 06 Late 2022"]
[White "Seletsky, Grigory"]
[Black "Stanisz, Patryk"]
[WhiteFideId "14112191"]
[BlackFideId "1123106"]
[WhiteElo "2492"]
[BlackElo "2069"]
[Result "1-0"]
[Round "08"]
[TimeControl "180+1"]
[Date "2022.12.07"]
[WhiteClock "0:00:37"]
[BlackClock "0:00:02"]

1. e4 c5 2. Nc3 Nc6 3. d3 g6 4. Be3 d6 5. d4 cxd4 6. Bxd4 Nf6 7. Bxf6 exf6 8. Bd3 Bg7 9. Nge2 O-O 10. O-O Ne5 11. Kh1 f5 12. exf5 Nxd3 13. Qxd3 Bxf5 14. Qd2 Qb6 15. Rab1 Rfe8 16. Ng3 Be6 17. f4 Bc4 18. Rfd1 Rad8 19. b3 Be6 20. Nd5 Bxd5 21. Qxd5 Qf2 22. Qd2 Qxd2 23. Rxd2 d5 24. Kg1 Bc3 25. Re2 Bd4+ 26. Kf1 f5 27. Rxe8+ Rxe8 28. Rd1 Be3 29. Rxd5 Bxf4 30. Rd7 Bxg3 31. hxg3 Rc8 32. c4 Rb8 33. c5 a6 34. b4 1-0


[Site "https://www.chess.com"]

[Event "Titled Tuesday Blitz December 06 Late 2022"]
[White "Shohat, Yotam"]
[Black "Rorrer, Grayson"]
[WhiteFideId "2813955"]
[BlackFideId "30944996"]
[WhiteElo "2216"]
[BlackElo "2200"]
[Result "1-0"]
[Round "08"]
[TimeControl "180+1"]
[Date "2022.12.07"]
[WhiteClock "0:00:33"]
[BlackClock "0:00:18"]

1. e4 c5 2. Nf3 d6 3. d4 cxd4 4. Nxd4 Nf6 5. Nc3 a6 6. Be3 e5 7. Nb3 Be6 8. Be2 Be7 9. Bf3 O-O 10. g4 Nbd7 11. g5 Ne8 12. h4 f6 13. Nd5 fxg5 14. hxg5 Bxg5 15. Bxg5 Qxg5 16. Ne3 Qf4 17. Nd2 Nc5 18. Qe2 Nf6 19. O-O-O Rac8 20. Ng2 Qg5 21. Rdg1 Ncxe4 22. Bxe4 Nxe4 23. Qxe4 Bf5 24. Qd5+ Kh8 25. Ne3 Qf4 26. c3 Qxf2 27. Nxf5 Qxf5 28. Qxd6 Rfd8 29. Qe7 Rd7 30. Rxh7+ Kxh7 31. Rxg7+ Kh8 32. Qxd7 1-0


[Site "https://www.chess.com"]

[Event "Titled Tuesday Blitz December 06 Late 2022"]
[White "Szyszylo, Rafal"]
[Black "Kaplan, Avi Harrison"]
[WhiteFideId "1109626"]
[BlackFideId "30934559"]
[WhiteElo "1981"]
[BlackElo "1983"]
[Result "0-1"]
[Round "08"]
[TimeControl "180+1"]
[Date "2022.12.07"]
[WhiteClock "0:00:02"]
[BlackClock "0:00:12"]

1. e4 c5 2. Nf3 d6 3. d4 cxd4 4. Nxd4 Nf6 5. Nc3 a6 6. Bc4 e6 7. Bb3 Nbd7 8. f4 Nc5 9. e5 dxe5 10. fxe5 Nfd7 11. Bf4 b5 12. O-O Bb7 13. Kh1 Be7 14. Qg4 O-O 15. Rad1 Qc7 16. Nf3 Rac8 17. Bh6 g6 18. Bxf8 Bxf8 19. Qf4 Bg7 20. Rde1 Bxf3 21. Rxf3 Nxe5 22. Rfe3 Nc6 23. Qxc7 Rxc7 24. Rd1 Nd4 25. Ne4 Ncxb3 26. cxb3 Rc2 27. Rc3 Rxb2 28. Rc8+ Bf8 29. Nf6+ Kg7 30. Nxh7 Be7 31. Rc7 Nf5 32. g4 Nh4 33. Rf1 Bd6 34. Rcxf7+ Kh6 35. Nf8 Rxh2+ 36. Kg1 Rg2+ 37. Kh1 Rh2+ 38. Kg1 Kg5 39. Nxe6+ Kxg4 40. R7f2 Rh3 41. Nd8 Nf3+ 42. Rxf3 Rxf3 43. Rxf3 Kxf3 44. Nc6 g5 0-1


[Site "https://www.chess.com"]

[Event "Titled Tuesday Blitz December 06 Late 2022"]
[White "Tanenbaum, Zachary"]
[Black "Sargsyan, Anna M."]
[WhiteFideId "2060850"]
[BlackFideId "13308130"]
[WhiteElo "2175"]
[BlackElo "2284"]
[Result "1-0"]
[Round "08"]
[TimeControl "180+1"]
[Date "2022.12.06"]
[WhiteClock "0:00:13"]
[BlackClock "0:00:10"]

1. e4 e5 2. Nf3 Nc6 3. Bc4 Bc5 4. c3 Nf6 5. d4 exd4 6. b4 Be7 7. b5 Na5 8. Bd3 d5 9. e5 Ne4 10. cxd4 O-O 11. O-O c5 12. Nbd2 f5 13. exf6 Nxf6 14. dxc5 Bxc5 15. Bb2 b6 16. Ne5 Bb7 17. Ndf3 Ne4 18. Rc1 h6 19. Qe2 Qe8 20. Ba1 Qh5 21. Qb2 Nf6 22. Nd7 Rf7 23. Nxc5 bxc5 24. Rxc5 Re8 25. Qc3 d4 26. Qxd4 Qg4 27. Qxg4 Nxg4 28. Bc3 Bxf3 29. gxf3 Nb7 30. Rf5 Rxf5 31. Bxf5 Ne5 32. Kg2 Nd6 33. Be4 Nxb5 34. Bb4 g5 35. Re1 Nf7 36. a4 Nd4 37. Bh7+ Kg7 38. Rxe8 Kxh7 39. Re7 Kg6 40. Rxa7 Nc6 41. Ra6 Ne5 42. Bc3 Kf5 43. Bxe5 Nxe5 44. Rxh6 Nc4 45. Rc6 Ne5 46. Rc5 g4 47. Rxe5+ Kxe5 48. fxg4 Kf4 49. a5 Kxg4 50. a6 Kf4 51. a7 Ke4 52. a8=Q+ Kd3 53. Qf3+ Kd2 54. h4 Ke1 55. h5 Kd2 56. h6 Ke1 57. h7 Kd2 58. h8=Q Ke1 59. Qhc3# 1-0


[Site "https://www.chess.com"]

[Event "Titled Tuesday Blitz December 06 Late 2022"]
[White "Tang, Andrew"]
[Black "Boyer, Mahel"]
[WhiteFideId "2059630"]
[BlackFideId "45102422"]
[WhiteElo "2582"]
[BlackElo "2455"]
[Result "0-1"]
[Round "08"]
[TimeControl "180+1"]
[Date "2022.12.06"]
[WhiteClock "0:02:15"]
[BlackClock "0:01:41"]

1. d4 d5 2. Bf4 Nf6 3. e3 e6 4. Nf3 Bd6 5. Nbd2 Nbd7 6. Ne5 Qe7 7. Bd3 b6 8. Qf3 Bb7 9. g4 O-O-O 10. g5 Bxe5 11. dxe5 Ne4 12. Nxe4 dxe4 13. Bxe4 Qb4+ 0-1


[Site "https://www.chess.com"]

[Event "Titled Tuesday Blitz December 06 Late 2022"]
[White "Tomaszewski, Kacper"]
[Black "Espinosa, Pedro"]
[WhiteFideId "1127373"]
[BlackFideId "30921066"]
[WhiteElo "2211"]
[BlackElo "2016"]
[Result "1-0"]
[Round "08"]
[TimeControl "180+1"]
[Date "2022.12.07"]
[WhiteClock "0:01:02"]
[BlackClock "0:00:09"]

1. Nf3 d5 2. d4 Nf6 3. c4 c6 4. Nc3 e6 5. Bg5 dxc4 6. e4 b5 7. e5 h6 8. Bh4 g5 9. Nxg5 hxg5 10. Bxg5 Nbd7 11. exf6 Bb7 12. g3 c5 13. d5 Qb6 14. Bg2 O-O-O 15. O-O b4 16. Re1 bxc3 17. bxc3 Bxd5 18. Bxd5 exd5 19. Qxd5 Qb7 20. Qxf7 Bh6 21. Bxh6 Rxh6 22. Rab1 Rxf6 23. Rxb7 Rxf7 24. Rxa7 Kb8 25. Ra4 Nb6 26. Rb1 Kb7 27. Rxc4 Kc6 28. Rh4 Nd5 29. c4 Nb4 30. a3 Nc2 31. Rh6+ Rd6 32. Rb6+ Kxb6 33. Rxd6+ Kc7 34. Ra6 Kb7 35. Ra5 Kb6 36. Rb5+ Kc6 37. a4 Nd4 38. Ra5 Rh7 39. h4 Re7 40. Ra6+ Kb7 41. Rf6 Re4 42. h5 Re5 43. h6 Rh5 44. a5 Nb3 45. Rb6+ Ka7 46. Rxb3 Rxh6 47. Rb5 Rh5 48. Kg2 Ka6 49. Kf3 Rf5+ 50. Ke3 Re5+ 51. Kd3 Rg5 52. Ke4 Rh5 53. g4 Rg5 54. f3 Ka7 55. Kf4 Rg7 56. Rxc5 Rc7 57. Rxc7+ 1-0


[Site "https://www.chess.com"]

[Event "Titled Tuesday Blitz December 06 Late 2022"]
[White "Vlassov, Nikolai"]
[Black "Ferriz Barrios, Andres"]
[WhiteFideId "4103360"]
[BlackFideId "5104467"]
[WhiteElo "2324"]
[BlackElo "2261"]
[Result "1-0"]
[Round "08"]
[TimeControl "180+1"]
[Date "2022.12.07"]
[WhiteClock "0:00:12"]
[BlackClock "0:01:09"]

1. e4 e6 2. c4 d5 3. cxd5 exd5 4. Qb3 Nf6 5. e5 Ne4 6. d4 c5 7. Bb5+ Bd7 8. Ne2 Qa5+ 9. Nbc3 cxd4 10. Nxd4 Bb4 11. O-O Bxc3 12. bxc3 Nxc3 13. Bxd7+ Nxd7 14. Ba3 Ne4 15. Rfc1 Qb6 16. Qxd5 Ng5 17. Rab1 Qg6 18. Rxb7 Nh3+ 19. Kf1 Qd3+ 20. Ke1 Rd8 21. Rb3 Qg6 22. Rxh3 Nb6 23. Qc6+ Qxc6 24. Nxc6 Rd5 25. Rd1 Rxd1+ 26. Kxd1 Kd7 27. Nxa7 Ra8 28. Rd3+ Kc7 29. Nb5+ Kc6 30. Nd4+ Kd5 31. f4 Nc4 32. Nc2+ Kc6 33. Rc3 Kd5 34. Ne3+ Nxe3+ 35. Rxe3 Kd4 36. Ke2 Ra4 37. Bb2+ Kd5 38. a3 Ke6 39. Kf3 g5 40. g3 h5 41. Rb3 g4+ 42. Ke3 Rc4 43. Rb6+ Ke7 44. Bd4 Rc2 45. f5 Rxh2 46. f6+ Kd7 47. e6+ fxe6 48. f7 Ke7 49. Rb7+ Kd6 50. f8=Q+ Kd5 51. Qc5# 1-0


[Site "https://www.chess.com"]

[Event "Titled Tuesday Blitz December 06 Late 2022"]
[White "Walentukiewicz, Michal"]
[Black "Calcada, Lucas Galvan"]
[WhiteFideId "1126903"]
[BlackFideId "22746099"]
[WhiteElo "2028"]
[BlackElo "1523"]
[Result "1-0"]
[Round "08"]
[TimeControl "180+1"]
[Date "2022.12.07"]
[WhiteClock "0:02:02"]
[BlackClock "0:00:13"]

1. g3 c5 2. Bg2 g6 3. Nf3 Nc6 4. O-O Bg7 5. c4 Nf6 6. Nc3 O-O 7. Rb1 d6 8. a3 a5 9. Ne1 e5 10. Nc2 Bd7 11. b4 axb4 12. axb4 Qc7 13. d3 Nd4 14. Bg5 Bc6 15. Bxf6 Bxf6 16. Nd5 Bxd5 17. Bxd5 Rab8 18. bxc5 dxc5 19. Ne3 Bg5 20. Nc2 Rfd8 21. e3 Nxc2 22. Qxc2 b5 23. Qb3 b4 24. Ra1 Kg7 25. Ra6 Rb6 26. Ra4 h5 27. Rfa1 Qd6 28. Ra7 Rf8 29. Qa4 h4 30. Rd7 Qf6 31. Qa7 Rbb8 32. Ra6 Qf5 33. Be4 Qh3 34. Rxg6+ Kh8 35. Rxf7 1-0


[Site "https://www.chess.com"]

[Event "Titled Tuesday Blitz December 06 Late 2022"]
[White "Womacka, Mathias"]
[Black "Sivakumar, Shaaketh"]
[WhiteFideId "4611390"]
[BlackFideId "30940176"]
[WhiteElo "2613"]
[BlackElo "2473"]
[Result "0-1"]
[Round "08"]
[TimeControl "180+1"]
[Date "2022.12.07"]
[WhiteClock "0:00:05"]
[BlackClock "0:01:42"]

1. e4 e6 2. d4 d5 3. Nd2 c5 4. exd5 exd5 5. Ngf3 Nc6 6. Bb5 Qe7+ 7. Be2 Qc7 8. O-O Nf6 9. Re1 Be6 10. dxc5 Bxc5 11. Nb3 Bb6 12. Bf1 O-O 13. Be3 Rfd8 14. Bxb6 Qxb6 15. Nfd4 Bg4 16. Qd2 Ne4 17. Qe3 Bh5 18. Nf5 Bg6 19. Qxb6 axb6 20. Nfd4 Ra4 21. c3 Rda8 22. a3 Nc5 23. Bb5 Nxb3 24. Bxa4 Nxa1 25. Nxc6 bxc6 26. Bxc6 Nc2 27. Bxa8 Nxe1 28. Bxd5 Nd3 29. b4 Kf8 30. a4 Ke7 31. a5 bxa5 32. bxa5 Nc5 33. Bc4 Kd6 34. a6 Kc7 35. f3 Kb6 36. Kf2 Nxa6 37. Ke3 Nc7 38. Kd4 Kc6 39. g4 f6 40. h4 h5 41. Ke3 Nd5+ 42. Kd4 Nf4 43. Bb3 Ng2 44. c4 Nxh4 45. Ba4+ Kc7 46. gxh5 Nxf3+ 47. Ke3 Bxh5 48. Bd1 Kd6 49. Bxf3 Bxf3 50. Kxf3 Kc5 51. Kf4 Kxc4 52. Kf5 Kd5 53. Kg6 Ke4 54. Kxg7 f5 0-1


[Site "https://www.chess.com"]

[Event "Titled Tuesday Blitz December 06 Late 2022"]
[White "Xiong, Jeffery"]
[Black "Kamsky, Gata"]
[WhiteFideId "2047640"]
[BlackFideId "2000024"]
[WhiteElo "2726"]
[BlackElo "2666"]
[Result "1-0"]
[Round "08"]
[TimeControl "180+1"]
[Date "2022.12.06"]
[WhiteClock "0:00:18"]
[BlackClock "0:00:01"]

1. Nf3 Nf6 2. d4 d5 3. c4 c6 4. Nc3 e6 5. e3 Nbd7 6. Qc2 Bd6 7. Be2 O-O 8. b3 b6 9. Bb2 Bb7 10. O-O Qe7 11. Rad1 Rac8 12. Rfe1 c5 13. cxd5 Nxd5 14. Nxd5 Bxd5 15. e4 cxd4 16. Qd3 e5 17. exd5 e4 18. Qxd4 f5 19. Bb5 Rc2 20. Bxd7 Qxd7 21. Ne5 Qc7 22. Rc1 Rc5 23. h3 Qe7 24. Nc6 Qg5 25. Rxc5 Bxc5 26. Qe5 a5 27. d6 1-0


[Site "https://www.chess.com"]

[Event "Titled Tuesday Blitz December 06 Late 2022"]
[White "Xu, Grant"]
[Black "Yoo, Christopher Woojin"]
[WhiteFideId "2052318"]
[BlackFideId "30909694"]
[WhiteElo "2186"]
[BlackElo "2463"]
[Result "1-0"]
[Round "08"]
[TimeControl "180+1"]
[Date "2022.12.06"]
[WhiteClock "0:00:15"]
[BlackClock "0:00:03"]

1. e4 Nf6 2. e5 Nd5 3. d4 d6 4. Bc4 Nb6 5. Bb3 dxe5 6. Qh5 e6 7. dxe5 Qd4 8. Nc3 Bb4 9. Ne2 Qe4 10. f3 Qg6 11. Qxg6 hxg6 12. a3 Be7 13. Be3 Na6 14. O-O-O Bd7 15. Ne4 O-O-O 16. Rd2 Bc6 17. Ng5 Rxd2 18. Kxd2 Bxg5 19. Bxg5 Nc5 20. Nd4 Nxb3+ 21. Nxb3 Nc4+ 22. Kc3 Nxe5 23. Re1 Nd7 24. h3 e5 25. Be3 f6 26. Bf2 g5 27. Kd2 Bd5 28. Nc5 Nf8 29. b3 b6 30. Nd3 Ng6 31. c4 Bb7 32. Kc3 Rd8 33. Bg3 Bc6 34. Nb4 Kb7 35. Nc2 Bd7 36. Rd1 Bc8 37. Rxd8 Ne7 38. Rf8 Nf5 39. Bf2 Be6 40. g4 Nd6 41. Ne3 a5 42. Nd5 a4 43. bxa4 Kc6 44. Ne7+ Kd7 45. Nf5 Nxc4 46. Nxg7 Bd5 47. Rxf6 Nxa3 48. Rf5 Nb1+ 49. Kd3 c5 50. Rxe5 Bxf3 51. Rxg5 Na3 52. h4 Bd1 53. a5 bxa5 54. Rxc5 a4 55. Kc3 Bb3 56. Kb2 Nc4+ 57. Rxc4 Bxc4 58. Kc3 Be2 59. g5 Ke7 60. Kd4 a3 61. Ke5 a2 62. Bd4 Kf7 63. Kf4 Kg6 64. Nf5 Bd1 65. Ba1 Be2 66. Ng3 Bd1 67. h5+ Kh7 68. Kf5 Bc2+ 69. Kf6 Kg8 70. g6 1-0


[Site "https://www.chess.com"]

[Event "Titled Tuesday Blitz December 06 Late 2022"]
[White "Yuan, Qingyu"]
[Black "Goncalves, Davi Sulzbacher"]
[WhiteFideId "8609772"]
[BlackFideId "2154510"]
[WhiteElo "2709"]
[BlackElo "2514"]
[Result "1-0"]
[Round "08"]
[TimeControl "180+1"]
[Date "2022.12.07"]
[WhiteClock "0:00:11"]
[BlackClock "0:00:03"]

1. e4 c5 2. Nf3 d6 3. d4 cxd4 4. Nxd4 Nf6 5. Nc3 a6 6. Rg1 b5 7. a4 b4 8. Nd5 Bb7 9. Nxf6+ gxf6 10. Bd3 Nd7 11. Qe2 e6 12. Nb3 Be7 13. Be3 Qc7 14. g4 Ne5 15. f4 Nxd3+ 16. cxd3 Rc8 17. Rc1 Qd7 18. Rxc8+ Qxc8 19. Kf2 h5 20. gxh5 f5 21. Bd4 e5 22. fxe5 Bh4+ 23. Ke3 fxe4 24. exd6 Qh3+ 25. Kd2 Rxh5 26. Rg8+ Kd7 27. Nc5+ Rxc5 28. Bxc5 Qf5 29. Qg4 Qxg4 30. Rxg4 Bf6 31. Bxb4 exd3 32. Kxd3 Bxb2 33. h4 f5 34. Rg5 a5 35. Bc3 Be4+ 36. Kc4 Bc1 37. Rg6 Bf4 38. h5 Bxd6 39. h6 f4 40. h7 Bxg6 41. h8=Q Bf7+ 42. Kd3 Bd5 43. Qg7+ Kc6 44. Be5 Bc5 45. Qf6+ Kb7 46. Qxf4 Bc6 47. Qf7+ Kb6 48. Qc7+ 1-0


[Site "https://www.chess.com"]

[Event "Titled Tuesday Blitz December 06 Late 2022"]
[White "Yurasova, Daria"]
[Black "Timmermans, Mark"]
[WhiteFideId "34146919"]
[BlackFideId "1026399"]
[WhiteElo "2098"]
[BlackElo "2460"]
[Result "0-1"]
[Round "08"]
[TimeControl "180+1"]
[Date "2022.12.06"]
[WhiteClock "0:00:08"]
[BlackClock "0:00:41"]

1. d4 Nf6 2. c4 e6 3. Nc3 Bb4 4. Qc2 O-O 5. Nf3 b5 6. e3 bxc4 7. Bxc4 Bb7 8. Be2 Be4 9. Qd1 c5 10. O-O Bxc3 11. bxc3 Qa5 12. a4 Rc8 13. Ba3 cxd4 14. cxd4 Nd5 15. Bd3 Bxd3 16. Qxd3 Nc6 17. Qe4 f5 18. Qh4 h6 19. Qg3 Nc3 20. Kh1 Ne4 21. Qh4 Kh7 22. Qh5 Rab8 23. Qf7 Qd8 24. Ne5 Nxe5 25. dxe5 Rc2 26. Kg1 Qg5 27. Rae1 Nd2 28. Be7 Qg6 29. Qxg6+ Kxg6 30. Bd6 Rbb2 31. g3 Nf3+ 32. Kg2 Nxe1+ 0-1


[Site "https://www.chess.com"]

[Event "Titled Tuesday Blitz December 06 Late 2022"]
[White "Zierk, Steven"]
[Black "Domingo Nunez, Ruben"]
[WhiteFideId "2034255"]
[BlackFideId "22245570"]
[WhiteElo "2494"]
[BlackElo "2406"]
[Result "0-1"]
[Round "08"]
[TimeControl "180+1"]
[Date "2022.12.06"]
[WhiteClock "0:00:01"]
[BlackClock "0:00:05"]

1. e4 c6 2. d4 g6 3. c4 Bg7 4. Nc3 d6 5. Be3 a6 6. a4 a5 7. h4 h5 8. Nf3 Nh6 9. Qd2 Ng4 10. Bg5 Qb6 11. Be2 Na6 12. O-O e5 13. c5 dxc5 14. dxe5 Nxe5 15. Qd6 Qc7 16. Qd2 O-O 17. Nxe5 Qxe5 18. Rad1 Be6 19. Bf4 Qd4 20. Qc1 Qb4 21. Bh6 Rfd8 22. Bxg7 Kxg7 23. Qg5 Rxd1 24. Rxd1 Qxb2 25. Qe5+ Kg8 26. Bxa6 bxa6 27. Qxc5 Bg4 28. Rd6 Qc1+ 29. Kh2 Qf4+ 30. g3 Qf3 31. Qe3 Qxe3 32. fxe3 Rc8 33. Kg2 Kf8 34. Kf2 Ke7 35. e5 Bf5 36. e4 Bd7 37. Ke3 Rb8 38. Ne2 Rb3+ 39. Kf4 c5 40. Rxa6 Bg4 41. Nc1 Rc3 42. Na2 Rc2 43. Ra7+ Kf8 44. Rxa5 Be6 45. Kg5 Bxa2 46. Kh6 Be6 47. Ra8+ Ke7 48. Ra7+ Kd8 49. a5 Kc8 50. a6 Ra2 51. Kg7 Kb8 52. Rb7+ Ka8 53. Rc7 Rxa6 54. Rxc5 Ra4 55. Rc7 Rxe4 56. Kf6 Rg4 0-1


[Site "https://www.chess.com"]

[Event "Titled Tuesday Blitz December 06 Late 2022"]
[White "Abasov, Nijat"]
[Black "Maghsoodloo, Parham"]
[WhiteFideId "13402960"]
[BlackFideId "12539929"]
[WhiteElo "2546"]
[BlackElo "2672"]
[Result "0-1"]
[Round "09"]
[TimeControl "180+1"]
[Date "2022.12.06"]
[WhiteClock "0:00:04"]
[BlackClock "0:00:07"]

1. d4 e6 2. Nf3 f5 3. g3 b6 4. Bg2 Bb7 5. c4 Bb4+ 6. Bd2 a5 7. O-O Nf6 8. Nc3 O-O 9. d5 Na6 10. a3 Bxc3 11. Bxc3 Ne4 12. Be5 d6 13. Bf4 e5 14. Be3 Bc8 15. Nd2 Nf6 16. f3 Bd7 17. Qc2 a4 18. Nb1 Nc5 19. Nc3 Nh5 20. f4 exf4 21. Bxf4 Nxf4 22. Rxf4 Qe7 23. Raf1 Qe3+ 24. Kh1 Rae8 25. R4f3 Qd4 26. Rf4 Qe3 27. R4f3 Qe5 28. Rf4 g5 29. R4f3 Qd4 30. Nd1 h6 31. R3f2 Ne4 32. Bxe4 Qxe4+ 33. Qxe4 Rxe4 34. Nc3 Rxc4 35. e4 Re8 36. exf5 Kf7 37. f6 Bh3 38. Rd1 Re5 39. Kg1 Rf5 40. Rxf5 Bxf5 41. Kf2 Kxf6 42. Ke3 Ke5 43. Re1 h5 44. Kd2+ Kf6 45. Re8 h4 46. Ke3 hxg3 47. hxg3 Kf7 48. Rh8 Bc2 49. Kd2 Bb3 50. Ke3 Kg7 51. Rc8 Kg6 52. Rg8+ Kf5 53. Kf3 Rd4 54. Rg7 Bxd5+ 55. Ke3 c5 56. Rd7 Be6 57. Ra7 Bb3 58. Ra8 Kg4 59. Ne4 Bc2 60. Nf2+ Kxg3 61. Rg8 g4 62. Nh1+ Kg2 63. Nf2 Bd1 64. Ne4 Bf3 65. Nf2 g3 66. Nd3 Rxd3+ 67. Kxd3 Kf2 68. Kc4 g2 69. Kb5 g1=Q 70. Rxg1 Kxg1 71. Kxb6 d5 72. Kxc5 Kf2 73. Kb4 Ke3 74. Kxa4 d4 0-1


[Site "https://www.chess.com"]

[Event "Titled Tuesday Blitz December 06 Late 2022"]
[White "Adla, Diego"]
[Black "Pakleza, Zbigniew"]
[WhiteFideId "100072"]
[BlackFideId "1119290"]
[WhiteElo "2377"]
[BlackElo "2410"]
[Result "0-1"]
[Round "09"]
[TimeControl "180+1"]
[Date "2022.12.06"]
[WhiteClock "0:00:11"]
[BlackClock "0:00:07"]

1. Nf3 d5 2. c4 c6 3. cxd5 cxd5 4. d4 Nf6 5. Nc3 Nc6 6. Bf4 Qb6 7. Na4 Qa5+ 8. Bd2 Qc7 9. Rc1 e6 10. e3 Bd6 11. b4 a6 12. Bd3 O-O 13. O-O Ne4 14. Nc5 f5 15. a4 Qe7 16. Be1 a5 17. b5 Nb4 18. Nb3 b6 19. Ne5 Bd7 20. f3 Nf6 21. Bb1 Rac8 22. Bg3 Nh5 23. Bf2 Rfd8 24. Qd2 Be8 25. Rxc8 Rxc8 26. Rc1 Qd8 27. f4 Nf6 28. Rxc8 Qxc8 29. Qc1 Qd8 30. Be1 h6 31. Nd3 Nxd3 32. Bxd3 Ne4 33. Nd2 Kh7 34. Nf3 g5 35. Ne5 gxf4 36. exf4 Qc7 37. Qxc7+ Bxc7 38. g3 Bd6 39. Kf1 Kg7 40. h3 Be7 41. g4 Nd6 42. Ke2 Bf6 43. Nf3 Ne4 44. Bf2 Bg6 45. Be1 fxg4 46. hxg4 Bh7 47. Ne5 Bd8 48. Nc6 Bc7 49. Ne5 Kf6 50. Bh4+ Kg7 51. Bxe4 Bxe4 52. Kd2 Kg8 53. Bg3 Bd6 54. Nd3 Kf7 55. Bh2 Bc7 56. Bg3 Bxd3 57. Kxd3 Kg6 58. Ke3 Kf7 59. Kf3 Bd6 60. Bh2 Bc7 61. Bg3 Bd6 62. Bf2 Kg6 63. Be3 h5 64. Kg3 hxg4 65. Kxg4 Be7 66. Bf2 Bf6 67. Be3 Be7 68. Bg1 Bb4 69. Bf2 Bc3 70. Be3 Bb2 71. Bf2 Bc1 72. Bh4 Be3 73. Bd8 Bxd4 74. Kf3 Kf5 75. Bc7 Bc5 76. Kg3 Ke4 77. Kg4 d4 78. Be5 d3 79. Bc3 Ke3 80. f5 exf5+ 81. Kxf5 d2 82. Bxd2+ Kxd2 0-1


[Site "https://www.chess.com"]

[Event "Titled Tuesday Blitz December 06 Late 2022"]
[White "Arbunic Castro, Giovanna"]
[Black "Liu, Kelsey"]
[WhiteFideId "3400549"]
[BlackFideId "30944481"]
[WhiteElo "1941"]
[BlackElo "2261"]
[Result "0-1"]
[Round "09"]
[TimeControl "180+1"]
[Date "2022.12.07"]
[WhiteClock "0:00:02"]
[BlackClock "0:00:16"]

1. e4 c5 2. g3 d5 3. exd5 Qxd5 4. Nf3 Nc6 5. Bg2 Nf6 6. O-O g6 7. h3 Bg7 8. Re1 O-O 9. Nc3 Qd6 10. d3 e5 11. Ne4 Nxe4 12. dxe4 Qc7 13. Be3 b6 14. c3 Ba6 15. Qc2 Rad8 16. Rad1 f5 17. Ng5 Qe7 18. Qb3+ c4 19. Qa4 Nb8 20. Rd5 Rxd5 21. exd5 f4 22. gxf4 exf4 23. Bd2 Qxg5 24. d6 Bc8 25. Qxc4+ Kh8 26. Qc7 Bxh3 27. Kf1 Bxg2+ 28. Ke2 Qg4+ 29. Kd3 Qf5+ 30. Kc4 Qd5+ 31. Kb4 Qa5+ 0-1


[Site "https://www.chess.com"]

[Event "Titled Tuesday Blitz December 06 Late 2022"]
[White "Ardila, Oscar Humberto"]
[Black "Gasparyan, David"]
[WhiteFideId "4404742"]
[BlackFideId "13311980"]
[WhiteElo "1961"]
[BlackElo "2386"]
[Result "0-1"]
[Round "09"]
[TimeControl "180+1"]
[Date "2022.12.07"]
[WhiteClock "0:00:01"]
[BlackClock "0:00:08"]

1. d4 d6 2. Nf3 Bg4 3. e3 Nd7 4. h3 Bh5 5. g4 Bg6 6. Bg2 c6 7. Nbd2 e5 8. dxe5 dxe5 9. c3 Bd3 10. Bf1 Bxf1 11. Kxf1 Ngf6 12. Kg2 h5 13. g5 Nd5 14. h4 Be7 15. c4 Nc7 16. b3 Ne6 17. Bb2 Qc7 18. Qc2 O-O-O 19. Ne4 f5 20. gxf6 gxf6 21. Rhd1 Rhg8+ 22. Kf1 Rg4 23. Ke2 Rdg8 24. Qd3 Ndc5 25. Nxc5 Nxc5 26. Qf5+ Kb8 27. b4 Na4 28. Rd7 Qc8 29. Qe6 Bxb4 30. Nxe5 Nc5 31. Qf7 fxe5 32. Bxe5+ Ka8 33. Rc7 Qe8 34. Qxe8+ Rxe8 35. Bg3 Ne4 36. Kf3 Nxg3 37. fxg3 Bd6 38. Rh7 Rxg3+ 39. Kf2 Rgxe3 40. Rd1 Bc5 41. Rdd7 R3e7+ 42. Kf3 Rxd7 43. Rxd7 a5 44. Rh7 Re5 45. Kf4 Bd6 46. Kf3 Rf5+ 47. Ke3 Ka7 48. a4 Kb6 49. Kd3 Kc5 50. Rxb7 Rf3+ 51. Ke4 Rf4+ 52. Kd3 Rd4+ 53. Ke3 Rxc4 54. Ra7 Kb4 55. Rh7 Bc5+ 56. Kd3 Rxh4 57. Rh6 Rh3+ 58. Ke4 Re3+ 59. Kf4 Rc3 60. Ke4 h4 61. Rxc6 h3 62. Rh6 Kxa4 63. Kd5 Bb4 64. Rh4 Ka3 65. Rh7 a4 66. Rh4 Kb3 67. Rh7 a3 0-1


[Site "https://www.chess.com"]